Map: Kairos Junction LE

Players

Dephy - Winner!

  • Race: Terran Terran
  • League: Master
  • Spawn Location: 5:00

Zezuane

  • Race: Zerg Zerg
  • League: Master
  • Spawn Location: 11:00

VOD

Have the link to the VOD?

Description

Time

  • Played on: Aug. 10, 2019, 4:34 p.m.
  • Length: 28:26
Show
View Real Time Build Order
Export as new Build Order

Dephy Terran - Winner!

Build Orders: Liberator Opening, Reaper Expand 

Get SALT Encoding   

  12  0:00  SCV  
  13  0:13  SCV  
  14  0:23  Supply Depot  
  14  0:25  SCV  
  15  0:45  SCV  
  15  0:47  Barracks  
  15  0:48  Refinery  
  16  0:57  SCV  
  17  1:09  SCV  
  18  1:21  SCV  
  19  1:34  Orbital Command  
  19  1:35  Reaper  
  20  1:41  Command Center  
  20  1:53  Supply Depot  
  20  2:00  SCV  
  21  2:09  Marine  
  21  2:12  SCV  
  21  2:15  Refinery  
  23  2:17  Factory  
  23  2:24  SCV  
  24  2:36  Barracks Reactor  
  24  2:45  SCV  
  25  2:57  SCV, Orbital Command  
  26  3:04  Starport  
  26  3:09  SCV  
  27  3:21  Barracks Tech Lab, SCV  
  27  3:22  Liberator  
  28  3:27  Hellion  
  28  3:28  Hellion, SCV  
  28  3:33  SCV, Supply Depot  
  34  3:40  SCV  
  38  3:45  SCV, Marine  
  39  3:50  Hellion  
  39  3:51  Hellion  
  39  3:53  SCV  
  44  3:57  SCV  
  44  4:00  Supply Depot  
  45  4:05  SCV  
  45  4:09  SCV  
  47  4:12  Hellion x2  
  51  4:17  SCV  
  51  4:21  SCV  
  53  4:28  Command Center  
  53  4:29  SCV  
  54  4:34  SCV  
  54  4:37  Starport Reactor  
  55  4:38  Barracks  
  55  4:40  Stimpack  
  55  4:41  SCV  
  55  4:42  Barracks  
  56  4:45  Factory Tech Lab  
  56  4:46  SCV  
  56  4:50  Supply Depot  
  57  4:53  SCV  
  57  4:58  SCV  
  56  5:05  SCV  
  57  5:10  SCV  
  58  5:17  SCV  
  58  5:21  Marine  
  60  5:22  Siege Tank  
  60  5:24  SCV  
  60  5:27  Engineering Bay, Refinery  
  60  5:28  Refinery  
  60  5:29  Engineering Bay  
  60  5:32  Starport Reactor  
  60  5:34  Marine x2  
  54  5:37  SCV  
  54  5:38  SCV  
  54  5:40  Orbital Command  
  54  5:42  Supply Depot, Marine x3  
  60  5:50  SCV x2  
  60  5:52  Marine x2  
  60  5:56  Siege Tank  
  66  6:00  Terran Infantry Weapons Level 1, Terran Infantry Armor Level 1, Marine x3  
  66  6:02  SCV x2  
  71  6:09  Orbital Command, Medivac, Marine x2  
  75  6:16  SCV, Supply Depot  
  75  6:18  Medivac, Marine x2  
  78  6:23  Marine  
  81  6:27  Marine x2  
  81  6:29  SCV  
  81  6:31  SCV  
  85  6:35  SCV  
  85  6:38  Marine x2  
  88  6:41  SCV, Combat Shield, Marine  
  88  6:43  SCV  
  88  6:44  Supply Depot  
  88  6:45  Marine x2  
  88  6:47  Siege Tank  
  96  6:48  SCV  
  97  6:56  SCV  
  97  6:58  Supply Depot x2  
  97  7:01  SCV, Marine x2  
  99  7:05  Marine x3  
  104  7:10  Armory  
  104  7:11  SCV  
  104  7:13  Barracks  
  104  7:14  Medivac  
  104  7:15  Barracks, Medivac  
  109  7:19  Marine x2  
  111  7:23  Marine  
  111  7:24  Marine x2  
  111  7:25  Siege Tank  
  113  7:37  Marine x2  
  113  7:41  Marine  
  113  7:42  SCV x2, Marine  
  119  7:44  Refinery  
  119  7:46  Refinery  
  119  7:48  Command Center  
  119  7:50  Marine  
  120  7:52  Medivac x2  
  120  7:55  Marine  
  125  8:03  Barracks Tech Lab, Marine  
  125  8:05  Barracks Tech Lab  
  126  8:06  Terran Infantry Armor Level 2, Terran Infantry Weapons Level 2  
  126  8:08  SCV x2  
  128  8:13  Supply Depot  
  128  8:14  Barracks, SCV  
  128  8:17  Supply Depot  
  129  8:20  SCV  
  129  8:22  Marauder, Marine  
  133  8:27  Factory  
  133  8:33  Marine x3  
  110  8:39  Marine x2  
  110  8:40  Siege Tank, Marine  
  109  8:43  Marine  
  110  8:50  Medivac x2  
  110  8:51  Marine  
  115  8:57  Marauder  
  116  9:03  Orbital Command  
  116  9:06  Marine x2  
  116  9:07  Marauder x2  
  116  9:09  Barracks Tech Lab  
  121  9:11  Factory Tech Lab  
  121  9:17  Siege Tank  
  121  9:18  Marauder  
  126  9:28  Marauder x2  
  130  9:31  Marine  
  130  9:33  Marine x2  
  133  9:47  SCV  
  133  9:49  Siege Tank  
  133  9:50  Marauder  
  133  9:51  Marauder x3, Marine x2  
  147  9:53  SCV  
  147  9:57  Supply Depot  
  147  9:58  Supply Depot  
  148  10:00  Factory Tech Lab  
  148  10:12  Marauder x3  
  148  10:28  Marine x5  
  152  10:29  Siege Tank x2  
  152  10:33  Marine x3  
  162  10:45  Marine  
  162  10:46  Marine x4  
  167  10:51  Marine x2  
  167  10:53  Terran Infantry Weapons Level 3, Terran Infantry Armor Level 3  
  167  10:54  Terran Vehicle Weapons Level 1  
  170  11:01  Siege Tank x2  
  170  11:03  Marine x2  
  177  11:11  Marine  
  177  11:12  Barracks Tech Lab, Marine x3  
  177  11:14  Marine  
  181  11:21  Marine x2  
  178  11:29  Command Center, Marine x3  
  178  11:30  Marine  
  164  11:37  Marine x2  
  164  11:38  Siege Tank x2  
  164  11:39  Marine x2  
  168  11:41  Liberator x2  
  166  11:47  Marine x2  
  164  11:56  Marine x4  
  174  12:06  Marauder  
  167  12:14  Siege Tank x2  
  167  12:15  Marauder x2  
  165  12:16  Marine x2  
  165  12:17  Marine x3  
  170  12:24  Liberator  
  170  12:25  Starport x2  
  170  12:27  Starport, Fusion Core, Marine  
  171  12:34  Marine  
  171  12:38  Marine x2  
  174  12:46  Siege Tank x2  
  177  12:54  Marine x3  
  177  12:58  Marine x3  
  174  13:01  Marine x2  
  174  13:04  Starport Tech Lab  
  177  13:05  Starport Reactor  
  177  13:06  Starport Reactor  
  177  13:12  Marine x3  
  180  13:15  Terran Ship Weapons Level 1  
  180  13:16  Marine  
  179  13:21  Liberator x3  
  172  13:37  Marine x5  
  172  13:39  Planetary Fortress  
  179  13:44  Marine x2  
  179  13:45  Marine  
  179  13:54  Marine  
  175  13:59  Marine x4  
  175  14:00  Siege Tank x2  
  175  14:02  Marine  
  183  14:14  Refinery  
  183  14:18  Refinery  
  183  14:25  Marine  
  183  14:26  Viking x5  
  194  14:33  Marine x2  
  194  14:37  Command Center  
  196  14:40  Command Center  
  191  14:52  Marine x3  
  192  15:00  Marine x5  
  197  15:09  Marine  
  197  15:10  Marine x2  
  200  15:42  Viking  
  194  15:58  Missile Turret x2, Viking x2  
  194  16:00  Missile Turret, Marine x2  
  196  16:16  Viking x2  
  199  16:23  Orbital Command  
  199  16:24  Orbital Command  
  197  16:27  Viking  
  146  16:47  Liberator, Marine x3  
  146  16:48  Liberator, Marine  
  146  16:52  Marine x2  
  146  16:53  Marine x2  
  143  16:54  Viking x2  
  149  16:57  SCV  
  149  17:01  Command Center  
  148  17:04  Missile Turret x2, Refinery  
  148  17:05  Marine x4, Viking x2  
  148  17:06  Missile Turret, Refinery  
  162  17:09  Siege Tank x2  
  162  17:10  Marine x4  
  172  17:22  Weapon Refit, Advanced Ballistics  
  172  17:23  Marine x4  
  172  17:24  Command Center  
  172  17:28  Marine  
  177  17:38  Marine x2  
  162  17:59  Marine x3  
  156  18:05  Marine  
  156  18:06  Marine x3  
  156  18:09  Viking x3  
  156  18:11  Marine  
  154  18:15  Viking x2  
  154  18:17  Marine x2  
  154  18:19  Planetary Fortress  
  139  18:41  Marine  
  139  18:42  Marine x4  
  139  18:44  Marine x2  
  139  18:45  Marine  
  107  18:56  Viking x2  
  107  18:59  Marine  
  107  19:00  Marine x4  
  107  19:02  Marine x2  
  113  19:05  Viking  
  113  19:19  Marine x3  
  113  19:20  Viking x2  
  120  19:26  Marine x3  
  120  19:28  SCV, Marine  
  120  19:29  Marine  
  124  19:37  Marine x3  
  125  19:39  Medivac x3  
  125  19:43  Marine  
  125  19:44  Marine x2  
  133  19:46  Marine x2  
  133  19:47  SCV x2  
  137  19:52  Liberator  
  137  19:53  Liberator  
  137  19:55  Marine x2  
  137  19:56  Thor x2  
  137  19:59  Medivac  
  153  20:01  Terran Ship Weapons Level 2  
  153  20:04  Hi-Sec Auto Tracking  
  153  20:05  Neosteel Armor  
  150  20:10  Viking x2  
  160  20:22  Viking x2  
  164  20:29  Viking  
  164  20:30  Marine x2  
  168  20:39  Marine  
  168  20:40  Marine x2  
  159  20:58  Viking x3  
  159  20:59  Viking x2  
  169  21:08  Marine x8  
  169  21:26  Marine x5  
  164  21:33  Marine  
  164  21:34  Marine x2  
  164  21:37  Orbital Command  
  164  21:39  Liberator  
  156  21:40  Liberator  
  156  21:44  Marine x5  
  147  21:51  Marine x3  
  148  22:01  Missile Turret  
  148  22:06  Marine x2  
  148  22:07  Marauder  
  148  22:08  Siege Tank x2  
  158  22:09  Marauder  
  160  22:18  Terran Vehicle And Ship Armor Level 1  
  160  22:21  Missile Turret  
  160  22:22  Command Center  
  160  22:25  Marine  
  160  22:26  Marauder x2  
  160  22:29  Liberator x3, Marauder  
  165  22:30  Liberator  
  158  22:40  Siege Tank x2  
  176  22:51  Marine  
  176  22:52  Marine x2  
  176  22:53  Marine  
  176  22:54  Marine  
  181  23:09  Marine  
  181  23:10  Missile Turret, Marauder x2, Marine x2  
  181  23:12  Siege Tank  
  191  23:13  Missile Turret x2, Refinery x2  
  191  23:15  Missile Turret  
  191  23:17  Sensor Tower  
  191  23:37  Missile Turret  
  187  24:07  Liberator x2  
  187  24:08  Liberator  
  187  24:12  Marine x4  
  187  24:13  Marauder x3  
  188  24:20  Marine  
  174  24:24  Medivac x2  
  174  24:30  Marine x4  
  190  24:34  Marauder x3  
  182  24:39  Marauder  
  180  24:47  Marine  
  180  24:48  Marine x3  
  180  24:51  Viking  
  186  24:56  Marauder x3  
  187  25:06  Marine  
  181  25:13  Marauder  
  177  25:15  Marine x3  
  177  25:16  Marine  
  177  25:17  Marauder x2  
  171  25:36  Marauder x2, Reaper  
  171  25:38  Marine x2  
  171  25:39  Marine x3  
  153  25:54  Hellion  
  153  25:55  Hellion  
  153  25:56  Marine x2  
  153  25:57  Marine x5  
  147  25:58  Viking x2  
  143  26:08  Marine  
  142  26:14  Marine x3  
  142  26:15  Marine x3  
  142  26:17  Liberator x2  
  142  26:18  Marine  
  132  26:26  Marine  
  132  26:29  SCV x3  
  132  26:32  Marine x4  
  136  26:33  Marine x2  
  136  26:36  Marine  
  136  26:37  SCV  
  145  26:43  Marine  
  146  26:50  Marine x4  
  150  26:54  Marine x2  
  150  27:00  Liberator x3  
  151  27:06  Marine x2  
  151  27:07  Marine  
  151  27:08  SCV  
  155  27:15  Marine x5  
  159  27:18  Viking  
  170  27:23  Marine  
  170  27:24  Marine  
  170  27:25  Marine  
  169  27:32  Marine  
  169  27:33  Marauder x2, Marine x2  
  169  27:49  Marine x3  
  169  27:50  Marine  
Show
View Real Time Build Order
Export as new Build Order

Zezuane Zerg 

Build Orders: Hatch First 

Get SALT Encoding   

  12  0:02  Drone  
  13  0:12  Overlord  
  13  0:17  Drone  
  14  0:31  Drone x2  
  16  0:35  Drone  
  17  0:52  Hatchery  
  16  0:57  Drone  
  16  1:00  Drone  
  18  1:11  Spawning Pool  
  18  1:15  Extractor  
  18  1:18  Drone  
  17  1:19  Drone  
  18  1:28  Drone  
  19  1:39  Overlord  
  19  1:52  Drone  
  20  1:58  Queen  
  20  2:00  Zergling x2  
  23  2:04  Queen  
  23  2:05  Zergling x2  
  26  2:11  Drone  
  27  2:17  Metabolic Boost  
  27  2:22  Drone x2  
  29  2:32  Drone x2  
  29  2:34  Queen  
  33  2:39  Queen  
  35  2:45  Overlord  
  35  2:46  Drone  
  36  3:07  Hatchery  
  36  3:10  Drone x5  
  40  3:13  Queen  
  40  3:18  Overlord  
  42  3:33  Drone x2  
  44  3:35  Overlord  
  44  3:43  Drone x2  
  44  3:44  Drone  
  44  3:45  Queen  
  44  3:46  Overlord  
  49  3:50  Drone x3  
  52  3:59  Drone x3  
  52  4:00  Evolution Chamber, Roach Warren  
  53  4:14  Extractor  
  53  4:15  Extractor  
  51  4:27  Drone x6  
  51  4:28  Drone x4  
  51  4:29  Queen  
  63  4:40  Drone  
  63  4:41  Drone x2  
  66  4:57  Spore Crawler  
  66  4:58  Spore Crawler  
  66  4:59  Lair  
  64  5:13  Drone x2  
  64  5:14  Drone x4  
  55  5:24  Drone  
  55  5:25  Drone x6  
  62  5:29  Drone  
  58  5:36  Zerg Missile Weapons Level 1  
  58  5:38  Drone  
  58  5:39  Drone x2  
  58  5:40  Drone x2  
  58  5:41  Drone x3  
  66  5:46  Overlord x2  
  66  5:57  Glial Reconstitution  
  66  6:02  Hatchery  
  65  6:09  Overlord x2  
  65  6:12  Roach x3  
  65  6:13  Roach x5  
  65  6:14  Drone  
  65  6:16  Overlord  
  65  6:18  Extractor  
  81  6:19  Extractor  
  81  6:22  Overlord  
  81  6:23  Overlord  
  80  6:26  Overseer  
  80  6:42  Drone x4  
  80  6:45  Drone x3  
  87  6:48  Drone x2  
  87  6:49  Roach x4  
  87  6:51  Overlord x2  
  97  6:55  Ravager x5  
  102  7:08  Drone x2, Overlord x2  
  104  7:10  Roach x4  
  112  7:20  Overlord  
  112  7:22  Roach  
  113  7:23  Roach x4  
  121  7:48  Roach x11  
  121  7:49  Roach x4  
  151  7:51  Overlord  
  151  7:53  Overseer  
  151  8:00  Ravager  
  152  8:10  Roach  
  152  8:11  Roach x3  
  160  8:19  Overlord x2  
  160  8:20  Overlord x4  
  156  8:34  Roach x6, Zergling x10  
  128  8:35  Roach  
  107  8:42  Roach  
  107  8:43  Roach x3  
  107  8:47  Roach x2  
  115  8:48  Roach  
  115  8:50  Ravager x2  
  115  8:51  Ravager x2  
  119  9:01  Roach x2  
  119  9:02  Roach x4  
  124  9:06  Drone  
  124  9:07  Drone x4  
  128  9:10  Zerg Missile Weapons Level 2  
  128  9:15  Drone x4  
  132  9:25  Drone x4  
  132  9:26  Drone x2, Roach x2  
  132  9:27  Roach  
  141  9:32  Ravager x4  
  141  9:37  Drone x5  
  150  9:46  Extractor  
  150  9:47  Extractor  
  148  9:57  Hatchery  
  147  10:00  Roach  
  147  10:01  Roach x11  
  147  10:04  Ravager x2  
  171  10:28  Roach x8  
  175  10:29  Roach x2  
  175  10:32  Extractor  
  175  10:34  Infestation Pit  
  189  10:49  Drone x3  
  187  11:16  Ravager  
  187  11:17  Ravager x5  
  157  11:34  Roach x14  
  157  11:35  Roach x12  
  187  11:49  Queen  
  187  11:51  Roach x3  
  187  11:52  Roach  
  174  12:13  Roach  
  174  12:14  Roach x17  
  193  12:24  Hive  
  193  12:28  Spire  
  190  12:31  Extractor  
  190  12:33  Extractor  
  186  12:37  Roach  
  186  12:38  Roach x5, Overlord  
  186  12:39  Overlord x2  
  195  12:49  Hatchery  
  161  13:01  Ravager x2  
  161  13:02  Ravager  
  161  13:03  Ravager  
  161  13:05  Roach x2  
  167  13:06  Roach x13  
  167  13:10  Queen x3  
  170  13:46  Roach  
  170  13:47  Roach x17  
  177  14:08  Greater Spire  
  177  14:11  Spire  
  177  14:12  Zerg Ground Armor Level 1  
  176  14:20  Spore Crawler  
  171  14:27  Ravager x3  
  171  14:28  Corruptor x5, Ravager x4  
  171  14:29  Corruptor x4  
  171  14:31  Spore Crawler  
  195  14:34  Spine Crawler  
  168  14:46  Roach  
  168  14:47  Roach x15  
  168  14:48  Roach  
  193  15:26  Brood Lord x5  
  200  15:28  Drone  
  194  15:53  Corruptor x4  
  194  16:26  Ravager  
  194  16:27  Ravager x4  
  102  16:59  Infestor  
  102  17:00  Roach, Infestor  
  102  17:01  Roach x11  
  95  17:02  Roach x8  
  95  17:04  Corruptor x6  
  95  17:07  Brood Lord x2  
  95  17:08  Corruptor x4, Brood Lord x2  
  151  17:12  Corruptor x2  
  151  17:13  Corruptor  
  165  17:32  Hatchery, Ravager x3  
  165  17:33  Ravager x3  
  165  17:34  Ravager  
  165  17:35  Roach x3  
  165  17:36  Roach  
  157  18:12  Roach  
  149  18:13  Roach x16  
  181  18:28  Brood Lord  
  181  18:29  Brood Lord  
  157  18:54  Roach x9  
  157  18:55  Roach x6  
  166  19:12  Corruptor x3  
  166  19:13  Corruptor x2  
  156  19:35  Hatchery  
  126  19:47  Corruptor x5  
  136  20:00  Corruptor x4  
  144  20:13  Ravager  
  145  20:15  Ravager  
  145  20:20  Hatchery  
  145  20:22  Brood Lord x4  
  145  20:24  Zerg Flyer Armor Level 1  
  153  20:41  Roach  
  153  20:42  Roach x12  
  175  21:04  Drone x4  
  175  21:05  Drone x2  
  181  21:12  Roach x7  
  181  21:13  Roach x3  
  189  21:38  Corruptor x4  
  189  21:39  Corruptor  
  143  21:53  Roach  
  143  21:54  Roach x14  
  157  22:00  Extractor x2  
  157  22:02  Extractor  
  156  22:09  Drone  
  156  22:10  Drone x4  
  161  22:21  Ravager  
  161  22:22  Ravager  
  163  22:23  Ravager  
  163  22:24  Roach, Ravager  
  163  22:25  Roach x3  
  169  22:40  Roach x9  
  169  22:41  Roach x2  
  186  22:57  Zergling x2  
  186  22:58  Zergling x26  
  193  23:11  Overseer  
  193  23:16  Corruptor x3  
  199  23:20  Hatchery  
  198  23:36  Hatchery  
  186  23:56  Ravager x5  
  186  23:57  Ravager x2  
  187  24:19  Infestor x2  
  187  24:21  Corruptor x3  
  187  24:22  Corruptor  
  183  24:44  Corruptor x2  
  181  24:49  Drone x6  
  175  25:12  Roach  
  175  25:13  Roach x14  
  199  25:22  Extractor x2  
  142  25:44  Roach  
  142  25:45  Roach x25  
  169  26:02  Roach x2, Zergling x4  
  169  26:03  Roach x3, Zergling x4  
  132  26:19  Roach, Zergling x4  
  132  26:20  Roach x7, Zergling x8  
  150  26:30  Roach x4  
  150  26:31  Roach x3  
  148  27:04  Ravager x3  
  148  27:05  Ravager x3  
  148  27:06  Zergling x2  
  148  27:07  Zergling x46  
  174  27:16  Ravager  
  174  27:17  Ravager  
  174  27:18  Roach x3  
  176  27:34  Corruptor x2  
  176  27:35  Corruptor  
  169  27:44  Roach, Zergling x4  
  169  27:45  Roach x5, Zergling x12  
  174  27:55  Roach x5  
  172  28:04  Roach x5, Zergling x10  
  172  28:05  Zergling x10  
Tags
 
Add a new tag
Caveats
  • Supply blocks, unpowered buildings, or Contaminate may cause inaccurate times.
  • Supply counts are checked every 10 seconds.